 Dungeon Crawl Stone Soup version 0.21-a0-225-g207ae17 (webtiles) character file.

93 George the Skirmisher (level 4, -1/37 HPs)
             Began as a Demonspawn Monk on Aug 28, 2017.
             Slain by Robin
             ... wielding a +0 dagger of electrocution
              (17 damage)
             ... on level 2 of the Dungeon.
             The game lasted 00:02:17 (1524 turns).

George the Skirmisher (Demonspawn Monk)             Turns: 1524, Time: 00:02:19

Health: -1/37      AC:  8    Str: 11    XL:     4   Next: 36%
Magic:  0/4        EV: 12    Int: 11    God:
Gold:   74         SH:  0    Dex: 17    Spells: 3/3 levels left

rFire    . . .     SeeInvis .   a - +0 falchion
rCold    . . .     Gourm    .   (no shield)
rNeg     + . .     Faith    .   l - +0 ring mail
rPois    .         Spirit   +   (no helmet)
rElec    .         Reflect  .   (no cloak)
rCorr    .         Harm     .   (no gloves)
MR       .....                  (no boots)
Stlth    +.........             (no amulet)
HPRegen  0.12/turn              i - ring of positive energy
MPRegen  0.09/turn              (no ring)

@: no status effects
A: yellow scales 2, magic shield
a: no special abilities


You were on level 2 of the Dungeon.
You were not hungry.

You visited 1 branch of the dungeon, and saw 2 of its levels.

You collected 74 gold pieces.

Inventory:

Hand Weapons
 a - a +0 falchion (weapon)
Armour
 l - a +0 ring mail (worn)
Jewellery
 i - a ring of positive energy (left hand)
Scrolls
 d - 2 scrolls of remove curse {unknown}
 e - a scroll of enchant weapon {unknown}
Potions
 f - a potion of flight {unknown}
 g - a potion of might {unknown}
 j - a potion of degeneration {unknown}
Comestibles
 c - 2 bread rations
 h - 4 fruits
 k - a chunk of flesh


   Skills:
 + Level 3.8 Fighting
 + Level 3.5 Long Blades
 + Level 3.5 Dodging
 - Level 1.7 Stealth


You had 3 spell levels left.
You didn't know any spells.

Dungeon Overview and Level Annotations

Branches:
Dungeon (2/15)

Altars:
Okawaru

Annotations:
D:2 Robin


Innate Abilities, Weirdness & Mutations

You are mostly covered in yellow scales. (AC +3)
When hurt, damage is shared between your health and your magic reserves.


Message History

There is an open door here.
Items here: )) †††† You barely miss the goblin.
The goblin hits you.
The goblin hits you but does no damage. x2; The goblin hits you.
The goblin completely misses you.
You barely miss the goblin. The goblin barely misses you.
The goblin hits you but does no damage. x3; The goblin closely misses you.
You closely miss the goblin. The goblin hits you but does no damage.
The goblin misses you.
The goblin hits you but does no damage. x2
The goblin closely misses you.
You riposte.
You slash the goblin!
You kill the goblin!
You hit the goblin.
You kill the goblin!
The goblin hits you but does no damage. Robin throws the goblin at you!
The goblin misses you.
You riposte.
You hit the goblin.
You kill the goblin!
The goblin closely misses you.
Robin hits you with a dagger of electrocution.
You are electrocuted!
You die...

#.######.##.#### ##.#
##.8# ##..## #.. #
#######################
#
##....(................)
#.#
#≈≈≈≈≈≈≈≈≈≈≈≈≈≈≈≈≈≈≈≈≈≈≈
.#
#≈≈≈≈≈≈≈≈≈≈≈≈≈≈≈≈≈≈≈≈≈≈≈
##
#.....)gg..............
#
########)###############
# #......@.# #
#.......g+ # ##########
# # # # # #


You could see Robin and 2 goblins.

Vanquished Creatures
  Jessica (D:2)
  A gnoll (D:1)
  An adder (D:2)
  A worm (D:2)
  A dart slug (D:1)
  2 leopard geckos (D:1)
  A giant cockroach (D:2)
  10 goblins
  7 hobgoblins
  2 jackals (D:1)
  A quokka (D:2)
  A ball python (D:2)
  2 bats (D:1)
  A frilled lizard (D:1)
  3 kobolds
  3 rats
38 creatures vanquished.

Notes
Turn   | Place    | Note
-------+----------+-------------------------------------------
     0 | D:1      | George the Demonspawn Monk began the quest for the Orb.
     0 | D:1      | Reached XP level 1. HP: 18/18 MP: 1/1
    91 | D:1      | Gained mutation: When hurt, damage is shared between your health and your magic reserves. [demonic ancestry]
    91 | D:1      | Reached XP level 2. HP: 3/24 MP: 2/2
   726 | D:1      | Found an iron altar of Okawaru.
   834 | D:1      | Gained mutation: You are partially covered in yellow scales. (AC +2) [demonic ancestry]
   834 | D:1      | Reached XP level 3. HP: 29/29 MP: 3/3
  1344 | D:2      | Noticed Jessica
  1351 | D:2      | Killed Jessica
  1370 | D:2      | Gained mutation: You are mostly covered in yellow scales. (AC +3) [demonic ancestry]
  1370 | D:2      | Reached XP level 4. HP: 33/37 MP: 4/4
  1503 | D:2      | Noticed Robin
  1524 | D:2      | Slain by Robin

Vault maps used:
D:1:      dpeg_arrival_chase, chequers_big_river, okawaru_ov_weapons_minmay
D:2:      wad_river_or_something, minitemple, gammafunk_temple_overflow_pools,
          uniq_jessica, uniq_robin

Skill      XL: |  1  2 |
---------------+-------+-----
Long Blades    | 3 |  3.5
Dodging        | 3 |  3.5
Fighting       | |  3.8
Stealth        | |  1.7

Action                   |  1- 3 |  4- 6 || total
-------------------------+-------+-------++-------
Melee: Falchion          |    69 |    45 ||   114
 Stab: Sleeping          |     2 |     1 ||     3
  Eat: Chunk             |     2 |       ||     2
Armor: Robe              |    12 |       ||    12
       Ring mail         |       |    38 ||    38
Dodge: Dodged            |    56 |    54 ||   110
       Rpst.: Falchion   |    20 |    13 ||    33

Table legend:
 A = Spawn XP
 B = Non-spawn XP
 C = Spawn XP percentage of total XP
 D = Spawn monster count
 E = Non-spawn monster count
 F = Spawn count percentage of total count
 G = Total turns spent on level
                    A         B        C        D         E        F      G
               +---------+---------+-------+---------+---------+-------+---------
         Total |       7 |     126 |   5.3 |       3 |      35 |   7.9 |  1524
               +---------+---------+-------+---------+---------+-------+---------
           D:1 |       7 |      39 |  15.2 |       3 |      14 |  17.6 |  1245
           D:2 |       0 |      87 |   0.0 |       0 |      21 |   0.0 |   279
               +---------+---------+-------+---------+---------+-------+---------
